3AAA
VERMONT LAKE MONSTERS @ SYLVANIA MAPLE LEAVES
09/02/2019
 
TOP OF THE 1ST
Vermont Lake Monsters batting - Pitching for Sylvania Maple Leaves : RHP Greg Beaver
Pitching: RHP Greg Beaver
Batting: LHB Dave Burns 0-0: Swinging Strike
0-1: Called Strike
0-2: Ball
1-2: Ball
2-2: Fly out, F8 (Flyball, 8LM)
Batting: RHB Gonzalo Núñez 0-0: Ball
1-0: Called Strike
1-1: Ball
2-1: Ball
3-1: Called Strike
3-2: Fly out, F3 (Popup, 34)
Batting: RHB Keith Burnett 0-0: Called Strike
0-1: Called Strike
0-2: Ball
1-2: Fly out, F8 (Flyball, 8RD)
Top of the 1st over - 0 run(s), 0 hit(s), 0 error(s), 0 left on base; Vermont 0 - Sylvania 0
BOTTOM OF THE 1ST
Sylvania Maple Leaves batting - Pitching for Vermont Lake Monsters : RHP Pablo De La Torre
Pitching: RHP Pablo De La Torre
Batting: RHB Kenny Norton 0-0: Ball
1-0: Swinging Strike
1-1: Called Strike
1-2: Foul Ball, location: 2F
1-2: SINGLE (Flyball, 9LS)
Batting: SHB Ken Osborne 0-0: Ball
1-0: Foul Ball, location: 2F
1-1: Swinging Strike
1-2: Foul Ball, location: 2F
1-2: Ball
2-2: SINGLE (Line Drive, 78S)
Kenny Norton to second
Batting: RHB Anthony Johnston 0-0: Ball
1-0: Fly out, F7 (Flyball, 7D)
Batting: RHB Casey Washington 0-0: Ball
1-0: Ball
2-0: Ball
3-0: Base on Balls
Kenny Norton to third
Ken Osborne to second
Batting: RHB Bernardo Márquez 0-0: Ball
1-0: Fly out, F3 (Line Drive, 34)
1-0: Lined into DP, U3 (Line Drive, 34)
Bottom of the 1st over - 0 run(s), 2 hit(s), 0 error(s), 2 left on base; Vermont 0 - Sylvania 0
TOP OF THE 2ND
Vermont Lake Monsters batting - Pitching for Sylvania Maple Leaves : RHP Greg Beaver
Batting: LHB Theodore Shaw 0-0: Swinging Strike
0-1: Fly out, F6 (Popup, 56D)
Batting: LHB John Brewer 0-0: Ball
1-0: Swinging Strike
1-1: Foul Ball, location: 2F
1-2: Ball
2-2: Foul Ball, location: 2F
2-2: Foul Ball, location: 2F
2-2: Foul Ball, location: 2F
2-2: Ball
3-2: Base on Balls
Batting: RHB Teddy Pelham 0-0: Called Strike
0-1: Ball
1-1: Foul Ball, location: 2F
1-2: SINGLE (Line Drive, 8LS)
John Brewer to second
Runner from 2nd tries for 3rd, OUT!
Batting: RHB Pat Ings 0-0: Called Strike
0-1: Called Strike
0-2: Ball
1-2: Ground out 6-3 (Groundball, 6)
Top of the 2nd over - 0 run(s), 1 hit(s), 0 error(s), 1 left on base; Vermont 0 - Sylvania 0
BOTTOM OF THE 2ND
Sylvania Maple Leaves batting - Pitching for Vermont Lake Monsters : RHP Pablo De La Torre
Batting: RHB Ingo van Ham 0-0: Ball
1-0: SINGLE (Groundball, 13) (infield hit)
Batting: SHB Curt Bryant 0-0: Fly out, F7 (Flyball, 7M)
Batting: RHB Dustin Walker 0-0: Called Strike
0-1: Ball
1-1: Foul Ball, location: 2F
1-2: Foul Ball, location: 2F
1-2: Ball
2-2: Ball
3-2: Base on Balls
Ingo van Ham to second
Batting: RHB Fernando Díaz 0-0: Ball
1-0: SINGLE (Groundball, 6MD)
Ingo van Ham to third
Dustin Walker to second
Batting: RHB Kenny Norton 0-0: Foul Ball, location: 2F
0-1: Ball
1-1: DOUBLE (Line Drive, 7LM)
Ingo van Ham scores
Dustin Walker scores
Fernando Díaz to third
Batting: SHB Ken Osborne 0-0: Foul Ball, location: 2F
0-1: Ball
1-1: Foul Ball, location: 2F
1-2: Ball
2-2: Strikes out swinging
Batting: RHB Anthony Johnston 0-0: Foul Ball, location: 2F
0-1: Ball
1-1: Fly out, F3 (Popup, 3)
Bottom of the 2nd over - 2 run(s), 3 hit(s), 0 error(s), 2 left on base; Vermont 0 - Sylvania 2
TOP OF THE 3RD
Vermont Lake Monsters batting - Pitching for Sylvania Maple Leaves : RHP Greg Beaver
Batting: RHB Ralph May 0-0: Ball
1-0: Foul Ball, location: 2F
1-1: Ball
2-1: Swinging Strike
2-2: SINGLE (Groundball, 56)
Batting: RHB Daniel Cooper 0-0: Called Strike
0-1: DOUBLE (Groundball, 5L)
Ralph May to third
Batting: LHB Dave Burns 0-0: Ball
1-0: Ball
2-0: Called Strike
2-1: Called Strike
2-2: Ball
3-2: Foul Ball, location: 2F
3-2: Foul Ball, location: 2F
3-2: Base on Balls
Batting: RHB Gonzalo Núñez 0-0: Fly out, F9 (Popup, 9S)
Batting: RHB Keith Burnett 0-0: Ball
1-0: Ball
2-0: Ball
3-0: Base on Balls
Ralph May scores
Daniel Cooper to third
Dave Burns to second
Batting: LHB Theodore Shaw 0-0: Ball
1-0: Foul Ball, location: 2F
1-1: Ball
2-1: Foul Ball, location: 2F
2-2: Ball
3-2: Strikes out swinging
Batting: LHB John Brewer 0-0: Ball
1-0: Fly out, F7 (Popup, 78S)
Top of the 3rd over - 1 run(s), 2 hit(s), 0 error(s), 3 left on base; Vermont 1 - Sylvania 2
BOTTOM OF THE 3RD
Sylvania Maple Leaves batting - Pitching for Vermont Lake Monsters : RHP Pablo De La Torre
Batting: RHB Casey Washington 0-0: Ball
1-0: Ball
2-0: Swinging Strike
2-1: Foul Ball, location: 2F
2-2: Ball
3-2: Fly out, F8 (Flyball, 8LM)
Batting: RHB Bernardo Márquez 0-0: Ball
1-0: Called Strike
1-1: Called Strike
1-2: Foul Ball, location: 2F
1-2: Foul Ball, location: 2F
1-2: Ball
2-2: Ball
3-2: Ground out 6-3 (Groundball, 6)
Batting: RHB Ingo van Ham 0-0: SINGLE (Line Drive, 6MD)
Batting: SHB Curt Bryant 0-0: Foul Ball, location: 2F
0-1: Fly out, F7 (Line Drive, 7M)
Bottom of the 3rd over - 0 run(s), 1 hit(s), 0 error(s), 1 left on base; Vermont 1 - Sylvania 2
TOP OF THE 4TH
Vermont Lake Monsters batting - Pitching for Sylvania Maple Leaves : RHP Greg Beaver
Batting: RHB Teddy Pelham 0-0: Ball
1-0: Ground out 4-3 (Groundball, 4M)
Batting: RHB Pat Ings 0-0: Fly out, F8 (Flyball, 8RM)
Batting: RHB Ralph May 0-0: Ball
1-0: Called Strike
1-1: Fly out, F9 (Flyball, 9LM)
Top of the 4th over - 0 run(s), 0 hit(s), 0 error(s), 0 left on base; Vermont 1 - Sylvania 2
BOTTOM OF THE 4TH
Sylvania Maple Leaves batting - Pitching for Vermont Lake Monsters : RHP Pablo De La Torre
Batting: RHB Dustin Walker 0-0: Ball
1-0: Fly out, F8 (Flyball, 8RS)
Batting: RHB Fernando Díaz 0-0: Swinging Strike
0-1: Foul Ball, location: 2F
0-2: Foul Ball, location: 2F
0-2: Ball
1-2: Strikes out swinging
Batting: RHB Kenny Norton 0-0: Called Strike
0-1: Fly out, F7 (Flyball, 7M)
Bottom of the 4th over - 0 run(s), 0 hit(s), 0 error(s), 0 left on base; Vermont 1 - Sylvania 2
TOP OF THE 5TH
Vermont Lake Monsters batting - Pitching for Sylvania Maple Leaves : RHP Greg Beaver
Batting: RHB Daniel Cooper 0-0: Ball
1-0: Called Strike
1-1: Ball
2-1: Called Strike
2-2: Foul Ball, location: 2F
2-2: Strikes out swinging
Batting: LHB Dave Burns 0-0: Ball
1-0: Called Strike
1-1: Foul Ball, location: 2F
1-2: Foul Ball, location: 2F
1-2: Foul Ball, location: 2F
1-2: Ball
2-2: Fly out, F7 (Flyball, 7M)
Batting: RHB Gonzalo Núñez 0-0: Ball
1-0: SOLO HOME RUN (Flyball, 78XD), Distance : 438 ft
Batting: RHB Keith Burnett 0-0: SOLO HOME RUN (Flyball, 7D), Distance : 373 ft
Batting: LHB Theodore Shaw 0-0: Ball
1-0: Ball
2-0: Ball
3-0: Called Strike
3-1: Base on Balls
Batting: LHB John Brewer 0-0: Called Strike
0-1: Fly out, F8 (Flyball, 8RM)
Top of the 5th over - 2 run(s), 2 hit(s), 0 error(s), 1 left on base; Vermont 3 - Sylvania 2
BOTTOM OF THE 5TH
Sylvania Maple Leaves batting - Pitching for Vermont Lake Monsters : RHP Pablo De La Torre
Batting: SHB Ken Osborne 0-0: Called Strike
0-1: Ground out 6-3 (Groundball, 6)
Batting: RHB Anthony Johnston 0-0: Foul Ball, location: 2F
0-1: Called Strike
0-2: Ball
1-2: Foul Ball, location: 2F
1-2: Ball
2-2: Foul Ball, location: 2F
2-2: SINGLE (Line Drive, 6MD)
Batting: RHB Casey Washington 0-0: Ball
Wild Pitch!
Anthony Johnston to second
1-0: Foul Ball, location: 2F
1-1: Foul Ball, location: 2F
1-2: Fly out, F9 (Flyball, 9M)
Batting: RHB Bernardo Márquez 0-0: Fly out, F8 (Flyball, 8RM)
Bottom of the 5th over - 0 run(s), 1 hit(s), 0 error(s), 1 left on base; Vermont 3 - Sylvania 2
TOP OF THE 6TH
Vermont Lake Monsters batting - Pitching for Sylvania Maple Leaves : RHP Greg Beaver
Batting: RHB Teddy Pelham 0-0: Foul Ball, location: 2F
0-1: Foul Ball, location: 2F
0-2: Ball
1-2: Ball
2-2: SINGLE (Line Drive, 56D)
Batting: RHB Pat Ings 0-0: Ball
1-0: Ball
2-0: Foul Ball, location: 2F
2-1: Called Strike
2-2: Grounds into double play, 4-6-3 (Groundball, 4)
Batting: RHB Ralph May 0-0: Swinging Strike
0-1: Ball
1-1: Fly out, F9 (Flyball, 9D)
Top of the 6th over - 0 run(s), 1 hit(s), 0 error(s), 0 left on base; Vermont 3 - Sylvania 2
BOTTOM OF THE 6TH
Sylvania Maple Leaves batting - Pitching for Vermont Lake Monsters : RHP Pablo De La Torre
Batting: RHB Ingo van Ham 0-0: Foul Ball, location: 2F
0-1: Called Strike
0-2: Ball
1-2: Ball
2-2: Foul Ball, location: 2F
2-2: SOLO HOME RUN (Flyball, 78XD), Distance : 435 ft
Batting: SHB Curt Bryant 0-0: Ball
1-0: Foul Ball, location: 2F
1-1: SINGLE (Groundball, 5D)
Batting: RHB Dustin Walker 0-0: Ball
1-0: Bunt missed!
1-1: Bunted foul
1-2: Ground out 3-1 (Groundball, 34)
Curt Bryant to second
Pitching: RHP Alexander Allen
Batting: RHB Fernando Díaz 0-0: Called Strike
0-1: Swinging Strike
0-2: Ball
1-2: Foul Ball, location: 2F
1-2: Foul Ball, location: 2F
1-2: Ball
2-2: Fly out, F9 (Flyball, 89D)
Runner from 2nd tags up, SAFE at 3rd, no throw
Batting: RHB Kenny Norton 0-0: Ground out 5-3 (Groundball, 5)
Bottom of the 6th over - 1 run(s), 2 hit(s), 0 error(s), 1 left on base; Vermont 3 - Sylvania 3
TOP OF THE 7TH
Vermont Lake Monsters batting - Pitching for Sylvania Maple Leaves : RHP Greg Beaver
Pinch Hitting: RHB Dale Carney 0-0: SINGLE (Line Drive, 89S)
Batting: LHB Dave Burns 0-0: Ball
1-0: Bunted foul
1-1: Sac Bunt - play at second, runner safe!
Batting: RHB Gonzalo Núñez 0-0: Ball
1-0: Ball
2-0: Ball
3-0: Base on Balls
Dale Carney to third
Dave Burns to second
Batting: RHB Keith Burnett 0-0: Foul Ball, location: 2F
0-1: Fly out, F7 (Flyball, 78D)
Runner from 3rd tags up, SCORES, no throw
Pitching: LHP Hildebrand Claessens
Batting: LHB Theodore Shaw 0-0: Ball
1-0: Ball
2-0: Called Strike
2-1: Foul Ball, location: 2F
2-2: Strikes out looking
Batting: LHB John Brewer 0-0: Swinging Strike
0-1: Fly out, F3 (Popup, 3L)
Top of the 7th over - 1 run(s), 1 hit(s), 0 error(s), 2 left on base; Vermont 4 - Sylvania 3
BOTTOM OF THE 7TH
Sylvania Maple Leaves batting - Pitching for Vermont Lake Monsters : RHP Alexander Allen
Now at SS: Carlos Santos
Batting: SHB Ken Osborne 0-0: Ball
1-0: Called Strike
1-1: Ball
2-1: Ball
3-1: Foul Ball, location: 2F
3-2: Ground out 5-3 (Groundball, 5S)
Batting: RHB Anthony Johnston 0-0: Ball
1-0: Called Strike
1-1: Foul Ball, location: 2F
1-2: Ball
2-2: Foul Ball, location: 2F
2-2: Strikes out looking
Batting: RHB Casey Washington 0-0: Ball
1-0: Fly out, F7 (Flyball, 78M)
Bottom of the 7th over - 0 run(s), 0 hit(s), 0 error(s), 0 left on base; Vermont 4 - Sylvania 3
TOP OF THE 8TH
Vermont Lake Monsters batting - Pitching for Sylvania Maple Leaves : LHP Hildebrand Claessens
Batting: RHB Teddy Pelham 0-0: Fly out, F8 (Flyball, 8LM)
Batting: RHB Pat Ings 0-0: Ball
1-0: Foul Ball, location: 2F
1-1: Ball
2-1: Swinging Strike
2-2: Strikes out swinging
Batting: RHB Ralph May 0-0: Called Strike
0-1: Foul Ball, location: 2F
0-2: Ball
1-2: Ball
2-2: Foul Ball, location: 2F
2-2: Strikes out swinging
Top of the 8th over - 0 run(s), 0 hit(s), 0 error(s), 0 left on base; Vermont 4 - Sylvania 3
BOTTOM OF THE 8TH
Sylvania Maple Leaves batting - Pitching for Vermont Lake Monsters : RHP Alexander Allen
Pitching: RHP Jorge Ayala
Batting: RHB Bernardo Márquez 0-0: Ball
1-0: Called Strike
1-1: Swinging Strike
1-2: Foul Ball, location: 2F
1-2: Strikes out swinging
Batting: RHB Ingo van Ham 0-0: Foul Ball, location: 2F
0-1: Swinging Strike
0-2: Strikes out looking
Pitching: LHP Austin Brown
Batting: SHB Curt Bryant 0-0: Ball
1-0: Ball
2-0: Ball
3-0: Called Strike
3-1: Swinging Strike
3-2: Ground out 6-3 (Groundball, 6)
Bottom of the 8th over - 0 run(s), 0 hit(s), 0 error(s), 0 left on base; Vermont 4 - Sylvania 3
TOP OF THE 9TH
Vermont Lake Monsters batting - Pitching for Sylvania Maple Leaves : LHP Hildebrand Claessens
Pitching: RHP Rusty King
Batting: RHB Carlos Santos 0-0: Ball
1-0: Called Strike
1-1: Fly out, F9 (Flyball, 9D)
Pitching: RHP Jim Unknown
Batting: LHB Dave Burns 0-0: Called Strike
0-1: Ball
1-1: SINGLE (Groundball, 4M)
Batting: RHB Gonzalo Núñez 0-0: Ball
1-0: Fly out, F8 (Flyball, 8RD)
Batting: RHB Keith Burnett 0-0: Called Strike
0-1: Ball
Throwing error on steal attempt, E2
Dave Burns to third
1-1: Called Strike
1-2: Ground out 5-3 (Groundball, 56)
Top of the 9th over - 0 run(s), 1 hit(s), 1 error(s), 1 left on base; Vermont 4 - Sylvania 3
BOTTOM OF THE 9TH
Sylvania Maple Leaves batting - Pitching for Vermont Lake Monsters : LHP Austin Brown
Pitching: RHP Ed Jacobs
Pinch Hitting: RHB Melvin Baldwin 0-0: Ball
1-0: Swinging Strike
1-1: Ball
2-1: Swinging Strike
2-2: Ball
3-2: Foul Ball, location: 2F
3-2: Foul Ball, location: 2F
3-2: Strikes out swinging
Pinch Hitting: SHB Jim Unknown 0-0: Fly out, F8 (Flyball, 8RM)
Pinch Hitting: RHB Mike Neal 0-0: Ball
1-0: Ground out 1-3 (Groundball, 15S)
Bottom of the 9th over - 0 run(s), 0 hit(s), 0 error(s), 0 left on base; Vermont 4 - Sylvania 3
This league is powered by Out of the Park Baseball, the baseball management simulation game for PC, Mac and Linux
Saturday, July 25th, 2015 - OOTP Baseball 15.6 Build 34